 Dungeon Crawl Stone Soup version 0.23.1 (webtiles) character file.

Game seed: 2332069034616067942

508 PentaManta the Cutter (level 7, -2/44 HPs)
             Began as a Kobold Abyssal Knight on Mar 13, 2019.
             Was a Believer of Lugonu.
             Slain by an orc warrior
             ... wielding a +0 halberd
              (16 damage)
             ... on level 6 of the Dungeon.
             The game lasted 00:12:22 (5178 turns).

PentaManta the Cutter (Kobold Abyssal Knight)       Turns: 5178, Time: 00:12:22

Health: -2/44      AC:  6    Str: 11    XL:     7   Next: 42%
Magic:  8/8        EV: 14    Int: 13    God:    Lugonu [**....]
Gold:   338        SH:  0    Dex: 15    Spells: 6/6 levels left

rFire    . . .     SeeInvis .   a - +1 short sword
rCold    . . .     Gourm    .   (shield restricted)
rNeg     . . .     Faith    .   b - +0 leather armour
rPois    .         Spirit   .   (no helmet)
rElec    .         Reflect  .   x - +0 cloak (curse)
rCorr    .         Harm     .   (no gloves)
MR       .....                  (no boots)
Stlth    ++........             p - amulet of magic regeneration
HPRegen  0.14/turn              g - +2 ring of protection
MPRegen  0.36/turn              (no ring)

@: no status effects
A: small, carnivore
a: Depart the Abyss, Bend Space, Renounce Religion


You were on level 6 of the Dungeon.
You worshipped Lugonu.
Lugonu was pleased with you.
You were very full.

You visited 1 branch of the dungeon, and saw 7 of its levels.
You visited the Abyss 1 time.

You collected 338 gold pieces.

Inventory:

Hand Weapons
 a - a +1 short sword (weapon)
Armour
 b - a +0 leather armour (worn)
 x - a cursed +0 cloak (worn)
Jewellery
 g - a +2 ring of protection (left hand)
 p - an amulet of magic regeneration (around neck)
 q - an uncursed ring of positive energy {unknown}
 z - an uncursed ring of magical power {unknown}
Wands
 w - a wand of digging (9)
Scrolls
 d - a scroll of enchant weapon {unknown}
 h - 7 scrolls of identify {unknown}
 i - a scroll of noise {unknown}
 k - 6 scrolls of remove curse {unknown}
 m - 2 scrolls of magic mapping {unknown}
 n - a scroll of random uselessness {unknown}
 o - a scroll of enchant armour {unknown}
 s - 3 scrolls of teleportation {unknown}
 v - 2 scrolls of immolation {unknown}
 y - a scroll of amnesia {unknown}
Potions
 e - 2 potions of curing
 f - 4 potions of heal wounds {unknown}
 j - 2 potions of lignification {unknown}
 r - a potion of flight {unknown}
 u - a potion of mutation {unknown}
Comestibles
 c - 10 rations


   Skills:
 * Level 5.6 Fighting
 * Level 7.7 Short Blades
 - Level 0.7 Armour
 - Level 2.4 Dodging
 + Level 3.2 Stealth
 - Level 2.0 Invocations


You had 6 spell levels left.
You didn't know any spells.
Your spell library was empty.

Dungeon Overview and Level Annotations

Branches:
Dungeon (7/15)             Temple (0/1) D:7

Altars:
Dithmenos
Kikubaaqudgha

Shops:
D:4 :


Innate Abilities, Weirdness & Mutations

You are small and have problems with some larger weapons.
You are carnivorous and can eat meat at any time.


Message History

An orc wizard comes into view. It is wielding a -1 dagger.
The orc warrior shouts!
The orc wizard shouts!
An orc comes into view. It is wielding a +0 dagger.
An orc priest comes into view. It is wielding a +0 flail.
The orc shouts!
There is a stone staircase leading up here.
The scorpion closely misses you.
You climb upwards.
An orc and a crimson imp come into view.
A sky beast comes into view.
Found a naga barding and a ration.
There is a stone staircase leading down here.
It was a potion of curing.
You feel better.
The orc shouts!
An orc warrior comes into view. It is wielding a +0 halberd.
The scorpion stings you but does no damage.
The scorpion stings you but does no damage.
The orc misses you.
The orc warrior hits you from afar with a +0 halberd!
You die...

...# ...# ..
.... #.# #..
.... #.. # .%[
#.# #..#.##.#
#....o.@#
#.##.#o.#######
#s>.5Y....
#.###..... #.
.... ## ... ..
.


You could see an orc warrior, a scorpion and an orc.

Vanquished Creatures
  A water moccasin (D:6)
  A centaur (D:6)
  A crimson imp (D:7)
  A centaur zombie (D:6)
  An iguana (D:5)
  3 worker ants
  7 adders
  An ooze (D:3)
  An adder zombie (D:6)
  2 worms (D:2)
  4 dart slugs
  5 leopard geckos
  5 orcs
  5 bats
  4 giant cockroaches
  7 goblins
  7 hobgoblins
  5 jackals
  5 quokkas
  4 frilled lizards
  5 kobolds
  6 rats
81 creatures vanquished.

Vanquished Creatures (others)
  A goblin (D:1)
1 creature vanquished.

Grand Total: 82 creatures vanquished

Notes
Turn   | Place    | Note
-------+----------+-------------------------------------------
     0 | Abyss:1  | PentaManta the Kobold Abyssal Knight began the quest for
                  | the Orb.
     0 | Abyss:1  | Reached XP level 1. HP: 14/14 MP: 2/2
    62 | Abyss:2  | Noticed a crimson imp
    64 | D:1      | Escaped the Abyss
   130 | D:1      | Reached skill level 3 in Short Blades
   137 | D:1      | Reached * piety under Lugonu
   138 | D:1      | Reached XP level 2. HP: 8/19 MP: 3/3
   597 | D:1      | Reached skill level 4 in Short Blades
   597 | D:1      | Reached XP level 3. HP: 24/24 MP: 4/4
   979 | D:2      | Reached XP level 4. HP: 29/29 MP: 5/5
  1715 | D:2      | Reached skill level 5 in Short Blades
  2318 | D:2      | Reached XP level 5. HP: 33/33 MP: 6/6
  2510 | D:3      | Reached ** piety under Lugonu
  2720 | D:3      | Found an ancient bone altar of Kikubaaqudgha.
  2732 | D:3      | Reached skill level 6 in Short Blades
  3231 | D:4      | Found Fogismef's Book Shoppe.
  3497 | D:4      | Reached skill level 1 in Stealth
  3497 | D:4      | Reached XP level 6. HP: 25/39 MP: 7/7
  4172 | D:5      | Entered Level 5 of the Dungeon
  4585 | D:5      | Found a shadowy altar of Dithmenos.
  4880 | D:6      | Noticed a water moccasin
  4888 | D:6      | Killed a water moccasin
  4888 | D:6      | Reached skill level 5 in Fighting
  4888 | D:6      | Reached skill level 7 in Short Blades
  4888 | D:6      | Reached XP level 7. HP: 36/44 MP: 8/8
  5168 | D:7      | Found a staircase to the Ecumenical Temple.
  5173 | D:7      | Identified the +6 long sword "Pacrur" {venom, rC++ Dex-5}
  5178 | D:6      | Slain by an orc warrior

Skill      XL: |  1  2  3  4  5  6  7 |
---------------+----------------------+-----
Short Blades   | 3 4 5 6 7 |  7.7
Fighting       | 4 5 |  5.6
Stealth        | 1 2 3 |  3.2
Armour         | |  0.7
Dodging        | |  2.4
Invocations    | |  2.0

Action                   |  1- 3 |  4- 6 |  7- 9 || total
-------------------------+-------+-------+-------++-------
Melee: Short sword       |    78 |   260 |    20 ||   358
Throw: Throwing net      |       |     1 |       ||     1
       Tomahawk          |       |       |     3 ||     3
Invok: Depart the Abyss  |     1 |       |       ||     1
       Bend Space        |       |       |     1 ||     1
  Use: Potion            |       |       |     1 ||     1
 Stab: Sleeping          |     1 |     1 |     1 ||     3
       Held in net/web   |       |     1 |       ||     1
  Eat: Chunk             |     9 |    12 |       ||    21
Armor: Leather armour    |    13 |    53 |     6 ||    72
Dodge: Dodged            |    58 |   149 |    13 ||   220
